 Dungeon Crawl Stone Soup version 0.26-a0-812-g31a745ddcd (webtiles) character file.

Game seed: 5537433127970638740

177 raph the Slasher (level 5, 0/35 HPs)
             Began as a Halfling Fighter on Nov 18, 2020.
             Was a Follower of Zin.
             Succumbed to an orc warrior's poison
             ... on level 1 of the Dungeon.
             The game lasted 00:06:12 (3133 turns).

raph the Slasher (Halfling Fighter)                 Turns: 3133, Time: 00:06:13

Health: 0/35       AC:  6    Str: 17    XL:     5   Next: 87%
Magic:  5/5        EV: 11    Int:  6    God:    Zin [*.....]
Gold:   74         SH:  0    Dex: 15    Spells: 4/4 levels left

rFire    + . .     SeeInvis .   a - +0 long sword
rCold    x . .     Faith    .   (shield restricted)
rNeg     . . .     Spirit   .   h - +0 scale mail
rPois    .         Reflect  .   (no helmet)
rElec    .         Harm     .   (no cloak)
rCorr    .         Rampage  .   (no gloves)
MR       .....                  (no boots)
Stlth    ..........             m - amulet of regeneration
HPRegen  0.51/turn              f - ring of fire
MPRegen  0.09/turn              (no ring)

@: lethally poisoned (0 -> -22)
A: small, mutation resistance 1
a: Recite, Donate Gold, Renounce Religion


You were on level 1 of the Dungeon.
You worshipped Zin.
Zin was aware of your devotion.
You visited 1 branch of the dungeon, and saw 3 of its levels.

You collected 104 gold pieces.
You donated 30 gold pieces to Zin.

Inventory:

Hand Weapons
 a - a +0 long sword (weapon)
 b - a +0 hunting sling
Missiles
 g - 8 curare-tipped darts (quivered)
 i - 44 stones
Armour
 c - a +0 kite shield
 h - a +0 scale mail (worn)
Jewellery
 f - a ring of fire (left hand)
 m - an amulet of regeneration (around neck)
Scrolls
 e - a scroll of teleportation {unknown}
 j - 3 scrolls of amnesia {unknown}
 o - a scroll of identify {unknown}
Potions
 d - a potion of might
 k - a potion of ambrosia {unknown}
 l - a potion of attraction {unknown}
 n - 2 potions of resistance {unknown}


   Skills:
 - Level 2.6 Fighting
 * Level 5.4 Long Blades
 - Level 3.2 Armour
 - Level 3.2 Shields
 + Level 1.1 Invocations


You had 4 spell levels left.
You didn't know any spells.
Your spell library was empty.

Dungeon Overview and Level Annotations

Branches:
Dungeon (3/15)

Altars:
Uskayaw
Xom
Yredelemnul
Zin


Innate Abilities, Weirdness & Mutations

You are small and have problems with some larger weapons.
You are somewhat resistant to further mutation.


Message History

You feel very sick.
There is a stone staircase leading down here.
You clear your throat and prepare to recite. "Zin looked out upon the remains of the heretics..."
* * * LOW HITPOINT WARNING * * *
You feel very sick. The orc warrior misses you.
You hit the orc warrior.
The orc warrior is lightly wounded. "...and declared it good that they had been..."
* * * LOW HITPOINT WARNING * * *
You feel sick. The orc completely misses you.
The orc warrior hits you with a +2 trident of venom.
* * * LOW HITPOINT WARNING * * *
You are more poisoned.
You slash the orc warrior!
The orc warrior is moderately wounded. "...expelled.
And thus justice was done."
You finish reciting Ablutions 16:14.
You die...

#.....#.
###########.....#.
#.........'.......
######'#########.......
#.......# ######..
#.......# #.. #.......#
#..
#.......#############..
#....o@['..............
#.....o.##########.####
#.......# #.# #.......#
#.# #.......# #.####
### ##'##########
#....# #.### #.#
#.....#######.#.. #.#.#
#.# #................
#.#.# #.#
#......8.8.8.8.8.


You could see an orc warrior and an orc.

Vanquished Creatures
  2 orc wizards
  An iguana (D:2)
  2 adders (D:3)
  An ufetubus (D:3)
  An ooze (D:1)
  2 worms
  2 leopard geckos (D:1)
  5 orcs (D:3)
  2 giant cockroaches
  5 hobgoblins
  4 jackals (D:3)
  7 bats
  3 frilled lizards
  9 goblins
  3 kobolds (D:1)
  7 rats
56 creatures vanquished.

Notes
Turn   | Place    | Note
-------+----------+-------------------------------------------
     0 | D:1      | raph the Halfling Fighter began the quest for the Orb.
     0 | D:1      | Reached XP level 1. HP: 15/15 MP: 1/1
   257 | D:1      | Reached XP level 2. HP: 20/20 MP: 2/2
   321 | D:1      | Reached skill level 3 in Long Blades
   532 | D:1      | Reached XP level 3. HP: 19/25 MP: 3/3
  1282 | D:2      | Found a hide-covered altar of Uskayaw.
  1302 | D:2      | Noticed an orc warrior
  1717 | D:3      | Found a glowing silver altar of Zin.
  1725 | D:3      | Became a worshipper of Zin the Law-Giver
  1848 | D:3      | Donated 20 gold pieces to Zin
  1924 | D:3      | Reached skill level 4 in Long Blades
  1924 | D:3      | Reached XP level 4. HP: 24/30 MP: 4/4
  2182 | D:3      | Reached * piety under Zin
  2551 | D:3      | Found a basalt altar of Yredelemnul.
  2551 | D:3      | Found a shimmering altar of Xom.
  2608 | D:3      | Reached skill level 5 in Long Blades
  2608 | D:3      | Reached XP level 5. HP: 32/35 MP: 5/5
  3106 | D:1      | Reached skill level 1 in Invocations
  3133 | D:1      | Succumbed to an orc warrior's poison

Illustrated notes

Levels and vault maps discovered:
D:1:      minmay_arrival_cross, layout_basic, minmay_misc_feat_pillars
D:2:      layout_loops_corners, lemuel_doored_altar, due_unseen_surprise
D:3:      layout_loops_corners, lemuel_crystal_altar,
          amethyst_overflow_temple_binary

Skill      XL: |  1  2  3  4  5 |
---------------+----------------+-----
Long Blades    | 3 4 5 |  5.4
Invocations    | 1 |  1.1
Fighting       | |  2.6
Armour         | |  3.2
Shields        | |  3.2

Action                   |  1- 3 |  4- 6 || total
-------------------------+-------+-------++-------
Melee: Long sword        |    98 |    81 ||   179
Invok: Donate Gold       |     1 |       ||     1
       Recite            |       |     3 ||     3
Armor: Scale mail        |    49 |    45 ||    94
Dodge: Dodged            |    85 |    41 ||   126
       Rpst.: Long sword |    24 |    13 ||    37

Table legend: (Time is in decaauts)
 A = Elapsed time spent in this place.
 B = Non-inter-level travel time spent in this place.
 C = Inter-level travel time spent in this place.
 D = Time resting spent in this place.
 E = Time spent auto-exploring this place.
 F = Levels seen in this place.
 G = Mean time per level.
                   A        B        C        D        E       F      G
               +--------+--------+--------+--------+--------+-----+--------+
         Total |   3173 |   3048 |    125 |    932 |   1634 |   3 | 1057.7 |
       Dungeon |   3173 |   3048 |    125 |    932 |   1634 |   3 | 1057.7 |
               +--------+--------+--------+--------+--------+-----+--------+

Top non-repeatable levels by time:
     D:3: 1360 daAuts
     D:1: 1265 daAuts
     D:2: 547 daAuts
